 Dungeon Crawl Stone Soup version 0.31-a0-152-g6aa68a64a1 (webtiles) character file.

Game seed: 1583506583860269936

501 qw the Shooter (level 7, -1/43 HPs)
             Began as a Gargoyle Hunter on June 11, 2023.
             Slain by a gnoll
             ... wielding a +0 spear
             ... led by a gnoll bouda
              (3 damage)
             ... on level 4 of the Dungeon.
             The game lasted 00:03:11 (3175 turns).

qw the Shooter (Gargoyle Hunter)                    Turns: 3175, Time: 00:03:12

Health: -1/43      AC:  9    Str: 15    XL:     7   Next: 17%
Magic:  7/7        EV: 12    Int:  9    God:
Gold:   211        SH:  0    Dex: 15    Spells: 6/6 levels left

rFire   . . .        Y - +0 shortbow
rCold   . . .        (shield currently unavailable)
rNeg    + . .        c - +0 leather armour
rPois   inf          (no helmet)
rElec   +            (no cloak)
rCorr   .            i - +0 pair of gloves
SInv    .            (no boots)
Will    .....        (no amulet)
Stlth   ++           (no ring)
HPRegen 0.27/turn    (no ring)
MPRegen 0.10/turn

%: no passive effects
@: no status effects
A: sickness immunity, AC +4, negative energy resistance 1, electricity
resistance, torment resistance 1, petrification resistance
a: no special abilities


You were on level 4 of the Dungeon.
You visited 1 branch of the dungeon, and saw 4 of its levels.

You collected 211 gold pieces.


Innate Abilities, Weirdness & Mutations

You are immune to sickness and miasma.
Your stone body is resilient. (AC +4)
You are immune to poison.
You resist negative energy. (rN+)
You are resistant to electric shocks. (rElec)
You are resistant to unholy torment.
You are immune to petrification.


   Skills:
 - Level 4.1 Fighting
 + Level 7.2 Ranged Weapons
 - Level 1.8 Armour
 - Level 2.0 Dodging
 - Level 1.1 Stealth


You had 6 spell levels left.
You didn't know any spells.
Your spell library was empty.

Inventory:

Hand Weapons
 Y - a +0 shortbow (weapon)
Armour
 c - a +0 leather armour (worn)
 h - the +0 pair of gloves of Articulation {Harm +Inv rC+ rCorr}
   (You found it on level 3 of the Dungeon)

   rC:        It protects you from cold.
   +Inv:      It lets you turn invisible.
   rCorr:     It protects you from acid and corrosion.
   Harm:      It increases damage dealt and taken.
 i - a +0 pair of gloves (worn)
Scrolls
 a - a scroll of identify
 m - a scroll of enchant weapon {unknown}
Potions
 b - a potion of resistance {unknown}
 d - a potion of might
 e - a potion of enlightenment {unknown}
 f - a potion of mutation {unknown}
 g - a potion of brilliance {unknown}
 j - a potion of degeneration {unknown}
 l - a potion of heal wounds {unknown}

Dungeon Overview and Level Annotations

Branches:
Dungeon (4/15)
 Temple: D:4-7

Altars:
The Shining One


Message History

The gnoll hits you with a +0 flail.
You shoot an arrow.
The arrow barely misses the gnoll bouda.
The gnoll barely misses you.
The gnoll hits you from afar with a +0 spear.
The gnoll bouda hits you with a +0 club.
The gnoll hits you with a +0 flail. The gnoll closely misses you.
You shoot an arrow.
The arrow closely misses the gnoll bouda.
The gnoll is no longer moving quickly. x2
The gnoll hits you from afar with a +0 spear!
The gnoll bouda barks out a call to the hunt!
The gnolls pick up the pace!
The gnoll closely misses you. The hobgoblin barely misses you.
The gnoll barely misses you.
The gnoll hits you from afar with a +0 spear.
You shoot an arrow.
The arrow hits the gnoll bouda but does no damage.
The gnoll bouda is heavily wounded.
The gnoll is no longer moving quickly.
The gnoll bouda hits you with a +0 club.
The hobgoblin hits you. The gnoll closely misses you.
The gnoll hits you but does no damage. The gnoll completely misses you.
You shoot an arrow. The arrow hits the gnoll bouda.
The gnoll bouda is severely wounded.
The gnoll bouda closely misses you. The hobgoblin barely misses you.
The gnoll misses you. The gnoll barely misses you. The gnoll misses you.
You shoot an arrow. The arrow hits the gnoll bouda.
You kill the gnoll bouda!
The hobgoblin hits you but does no damage.
The gnoll closely misses you. The gnoll barely misses you. x2
The gnoll hits you but does no damage. The hobgoblin misses you.
Your Dodging skill increases to level 2!
You shoot an arrow. The arrow hits the gnoll.
The gnoll is lightly wounded.
The gnoll hits you from afar with a +0 spear. x2
The gnoll closely misses you. The hobgoblin misses you.
You shoot an arrow. The arrow closely misses the gnoll.
The gnoll hits you from afar with a +0 spear.
You die...

..)# #. ...##### ......
##.. ..... .... #...
..... #.. #....
########.##### #...#
#............##### #...#
#......@g##......###...#
#.....)g[##.####.......#
#.....gg.##'## ####....#
#........##..# #.....
#.....)..##..# ##....
#.?......##..#######....
.........##..##....#....
.....######..##....###..
#..##8..8##..## ###


You could see 3 gnolls and a hobgoblin.

Vanquished Creatures
  2 ogres (D:4)
  2 scorpions (D:4)
  A jelly (D:4)
  A gnoll bouda (D:4)
  An iguana (D:4)
  A gnoll (D:4)
  5 adders
  2 worms (D:4)
  A dart slug (D:4)
  5 orcs
  9 bats
  5 endoplasms
  3 giant cockroaches
  3 goblins (D:2)
  8 hobgoblins
  8 jackals
  3 quokkas
  4 ball pythons
  3 frilled lizards
  6 kobolds
  3 rats
76 creatures vanquished.

Notes
Turn   | Place    | Note
-------+----------+-------------------------------------------
     0 | D:1      | qw the Gargoyle Hunter began the quest for the Orb.
     0 | D:1      | Reached XP level 1. HP: 12/12 MP: 1/1
     0 | D:1      | 0 ||| qw: Version: 0.2-a-29-g7dc7884
     0 | D:1      | 0 ||| qw: Game counter: 4029
     0 | D:1      | 0 ||| qw: Always use a shield: true
     0 | D:1      | 0 ||| qw: God list: Okawaru
     0 | D:1      | 0 ||| qw: Allow faded altars: false
     0 | D:1      | 0 ||| qw: Do Orc after D:15 true
     0 | D:1      | 0 ||| qw: Do second Lair branch before Depths: true
     0 | D:1      | 0 ||| qw: Lair rune preference: random
     0 | D:1      | 0 ||| qw: Plans: Normal, Zot:1-4, Slime:5, God:TSO, Crypt,
                  | Tomb, Abyss, Pan, Hells, Win
     0 | D:1      | 0 ||| PLANNING D:1-11
   592 | D:1      | Reached XP level 2. HP: 17/17 MP: 2/2
   913 | D:1      | 913 ||| READING 2 scrolls labelled YGILUQ POUROGIYD.
   914 | D:1      | 914 ||| DROPPING scroll of butterflies.
  1132 | D:2      | Reached XP level 3. HP: 21/21 MP: 3/3
  1157 | D:2      | Reached skill level 5 in Ranged Weapons
  1296 | D:2      | Reached skill level 3 in Fighting
  1365 | D:2      | Found a faded altar of an unknown god.
  1370 | D:2      | Reached XP level 4. HP: 28/28 MP: 4/4
  1509 | D:2      | 1509 ||| READING 2 scrolls labelled LEEWNU YRHUM.
  1510 | D:2      | 1510 ||| DROPPING scroll of vulnerability.
  1695 | D:3      | Identified the +0 pair of gloves of Articulation {Harm +Inv
                  | rC+ rCorr}
  1788 | D:3      | You fall into a shaft and drop 1 floor!
  1795 | D:4      | 1795 ||| READING scroll labelled ROGAGR NOMM.
  1800 | D:4      | 1800 ||| READING scroll labelled IXOISK NIOJ.
  1801 | D:4      | 1801 ||| DRINKING 2 lumpy sapphire potions.
  1802 | D:4      | 1802 ||| Stepping randomly (stuck).
  1803 | D:4      | 1803 ||| Stepping randomly (stuck).
  1804 | D:4      | 1804 ||| Stepping randomly (stuck).
  1805 | D:4      | 1805 ||| Stepping randomly (stuck).
  1810 | D:4      | 1810 ||| Stepping randomly (stuck).
  1811 | D:4      | 1811 ||| Stepping randomly (stuck).
  1812 | D:4      | 1812 ||| Stepping randomly (stuck).
  1813 | D:4      | 1813 ||| Stepping randomly (stuck).
  1814 | D:4      | 1814 ||| Stepping randomly (stuck).
  1815 | D:4      | 1815 ||| Stepping randomly (stuck).
  1816 | D:4      | 1816 ||| Stepping randomly (stuck).
  1817 | D:4      | 1817 ||| Stepping randomly (stuck).
  1818 | D:4      | 1818 ||| Stepping randomly (stuck).
  1819 | D:4      | 1819 ||| Stepping randomly (stuck).
  1820 | D:4      | 1820 ||| Stepping randomly (stuck).
  1821 | D:4      | 1821 ||| Stepping randomly (stuck).
  1822 | D:4      | 1822 ||| Stepping randomly (stuck).
  1823 | D:4      | 1823 ||| Stepping randomly (stuck).
  1824 | D:4      | 1824 ||| Stepping randomly (stuck).
  1825 | D:4      | 1825 ||| Stepping randomly (stuck).
  1826 | D:4      | 1826 ||| Stepping randomly (stuck).
  1827 | D:4      | 1827 ||| Stepping randomly (stuck).
  1828 | D:4      | 1828 ||| Stepping randomly (stuck).
  1829 | D:4      | 1829 ||| Stepping randomly (stuck).
  1830 | D:4      | 1830 ||| Stepping randomly (stuck).
  1831 | D:4      | 1831 ||| Stepping randomly (stuck).
  1832 | D:4      | 1832 ||| Stepping randomly (stuck).
  1833 | D:4      | 1833 ||| Stepping randomly (stuck).
  1834 | D:4      | 1834 ||| Stepping randomly (stuck).
  1835 | D:4      | 1835 ||| Stepping randomly (stuck).
  1836 | D:4      | 1836 ||| Stepping randomly (stuck).
  1837 | D:4      | 1837 ||| Stepping randomly (stuck).
  1838 | D:4      | 1838 ||| Stepping randomly (stuck).
  1839 | D:4      | 1839 ||| Stepping randomly (stuck).
  1840 | D:4      | 1840 ||| Stepping randomly (stuck).
  1841 | D:4      | 1841 ||| Stepping randomly (stuck).
  1842 | D:4      | 1842 ||| Stepping randomly (stuck).
  1843 | D:4      | 1843 ||| Stepping randomly (stuck).
  1844 | D:4      | 1844 ||| Stepping randomly (stuck).
  1845 | D:4      | 1845 ||| Stepping randomly (stuck).
  1846 | D:4      | 1846 ||| Stepping randomly (stuck).
  1847 | D:4      | 1847 ||| Stepping randomly (stuck).
  1848 | D:4      | 1848 ||| Stepping randomly (stuck).
  1849 | D:4      | 1849 ||| Stepping randomly (stuck).
  1850 | D:4      | 1850 ||| Stepping randomly (stuck).
  1851 | D:4      | 1851 ||| Stepping randomly (stuck).
  1852 | D:4      | 1852 ||| Stepping randomly (stuck).
  1853 | D:4      | 1853 ||| Stepping randomly (stuck).
  1854 | D:4      | 1854 ||| Stepping randomly (stuck).
  1855 | D:4      | 1855 ||| Stepping randomly (stuck).
  1856 | D:4      | 1856 ||| Stepping randomly (stuck).
  1857 | D:4      | 1857 ||| Stepping randomly (stuck).
  1858 | D:4      | 1858 ||| Stepping randomly (stuck).
  1859 | D:4      | 1859 ||| Stepping randomly (stuck).
  1860 | D:4      | 1860 ||| Stepping randomly (stuck).
  1861 | D:4      | 1861 ||| Stepping randomly (stuck).
  1862 | D:4      | 1862 ||| Stepping randomly (stuck).
  1863 | D:4      | 1863 ||| Stepping randomly (stuck).
  1864 | D:4      | 1864 ||| Stepping randomly (stuck).
  1865 | D:4      | 1865 ||| Stepping randomly (stuck).
  1866 | D:4      | 1866 ||| Stepping randomly (stuck).
  1867 | D:4      | 1867 ||| Stepping randomly (stuck).
  1868 | D:4      | 1868 ||| Stepping randomly (stuck).
  1869 | D:4      | 1869 ||| Stepping randomly (stuck).
  1870 | D:4      | 1870 ||| Stepping randomly (stuck).
  1871 | D:4      | 1871 ||| Stepping randomly (stuck).
  1872 | D:4      | 1872 ||| Stepping randomly (stuck).
  1873 | D:4      | 1873 ||| Stepping randomly (stuck).
  1874 | D:4      | 1874 ||| Stepping randomly (stuck).
  1875 | D:4      | 1875 ||| Stepping randomly (stuck).
  1876 | D:4      | 1876 ||| Stepping randomly (stuck).
  1877 | D:4      | 1877 ||| Stepping randomly (stuck).
  1878 | D:4      | 1878 ||| Stepping randomly (stuck).
  1879 | D:4      | 1879 ||| Stepping randomly (stuck).
  1880 | D:4      | 1880 ||| Stepping randomly (stuck).
  1881 | D:4      | 1881 ||| Stepping randomly (stuck).
  1882 | D:4      | 1882 ||| Stepping randomly (stuck).
  1883 | D:4      | 1883 ||| Stepping randomly (stuck).
  1884 | D:4      | 1884 ||| Stepping randomly (stuck).
  1885 | D:4      | 1885 ||| Stepping randomly (stuck).
  1886 | D:4      | 1886 ||| Stepping randomly (stuck).
  1887 | D:4      | 1887 ||| Stepping randomly (stuck).
  1888 | D:4      | 1888 ||| Stepping randomly (stuck).
  1889 | D:4      | 1889 ||| Stepping randomly (stuck).
  1890 | D:4      | 1890 ||| Stepping randomly (stuck).
  1891 | D:4      | 1891 ||| Stepping randomly (stuck).
  1892 | D:4      | 1892 ||| Stepping randomly (stuck).
  1893 | D:4      | 1893 ||| Stepping randomly (stuck).
  1894 | D:4      | 1894 ||| Stepping randomly (stuck).
  1895 | D:4      | 1895 ||| Stepping randomly (stuck).
  1896 | D:4      | 1896 ||| Stepping randomly (stuck).
  1897 | D:4      | 1897 ||| Stepping randomly (stuck).
  1898 | D:4      | 1898 ||| Stepping randomly (stuck).
  1899 | D:4      | 1899 ||| Stepping randomly (stuck).
  1900 | D:4      | 1900 ||| Stepping randomly (stuck).
  1901 | D:4      | 1901 ||| Stepping randomly (stuck).
  1902 | D:4      | 1902 ||| Stepping randomly (stuck).
  1903 | D:4      | 1903 ||| Stepping randomly (stuck).
  1904 | D:4      | 1904 ||| Stepping randomly (stuck).
  1905 | D:4      | 1905 ||| Stepping randomly (stuck).
  1906 | D:4      | 1906 ||| Stepping randomly (stuck).
  1907 | D:4      | 1907 ||| Stepping randomly (stuck).
  1908 | D:4      | 1908 ||| Stepping randomly (stuck).
  1909 | D:4      | 1909 ||| Stepping randomly (stuck).
  1910 | D:4      | 1910 ||| Stepping randomly (stuck).
  1911 | D:4      | 1911 ||| Stepping randomly (stuck).
  1912 | D:4      | 1912 ||| Stepping randomly (stuck).
  1913 | D:4      | 1913 ||| Stepping randomly (stuck).
  1914 | D:4      | 1914 ||| Stepping randomly (stuck).
  1915 | D:4      | 1915 ||| Stepping randomly (stuck).
  1916 | D:4      | 1916 ||| Stepping randomly (stuck).
  1917 | D:4      | 1917 ||| Stepping randomly (stuck).
  1918 | D:4      | 1918 ||| Stepping randomly (stuck).
  1919 | D:4      | 1919 ||| Stepping randomly (stuck).
  1920 | D:4      | 1920 ||| Stepping randomly (stuck).
  1921 | D:4      | 1921 ||| Stepping randomly (stuck).
  1922 | D:4      | 1922 ||| Stepping randomly (stuck).
  1923 | D:4      | 1923 ||| Stepping randomly (stuck).
  1924 | D:4      | 1924 ||| Stepping randomly (stuck).
  1925 | D:4      | 1925 ||| Stepping randomly (stuck).
  1926 | D:4      | 1926 ||| Stepping randomly (stuck).
  1927 | D:4      | 1927 ||| Stepping randomly (stuck).
  1928 | D:4      | 1928 ||| Stepping randomly (stuck).
  1929 | D:4      | 1929 ||| Stepping randomly (stuck).
  1930 | D:4      | 1930 ||| Stepping randomly (stuck).
  1931 | D:4      | 1931 ||| Stepping randomly (stuck).
  1932 | D:4      | 1932 ||| Stepping randomly (stuck).
  1933 | D:4      | 1933 ||| Stepping randomly (stuck).
  1934 | D:4      | 1934 ||| Stepping randomly (stuck).
  1935 | D:4      | 1935 ||| Stepping randomly (stuck).
  1936 | D:4      | 1936 ||| Stepping randomly (stuck).
  1937 | D:4      | 1937 ||| Stepping randomly (stuck).
  1938 | D:4      | 1938 ||| Stepping randomly (stuck).
  1939 | D:4      | 1939 ||| Stepping randomly (stuck).
  1940 | D:4      | 1940 ||| Stepping randomly (stuck).
  1941 | D:4      | 1941 ||| Stepping randomly (stuck).
  1942 | D:4      | 1942 ||| Stepping randomly (stuck).
  1943 | D:4      | 1943 ||| Stepping randomly (stuck).
  1944 | D:4      | 1944 ||| Stepping randomly (stuck).
  1945 | D:4      | 1945 ||| Stepping randomly (stuck).
  1946 | D:4      | 1946 ||| Stepping randomly (stuck).
  1947 | D:4      | 1947 ||| Stepping randomly (stuck).
  1948 | D:4      | 1948 ||| Stepping randomly (stuck).
  1949 | D:4      | 1949 ||| Stepping randomly (stuck).
  1950 | D:4      | 1950 ||| Stepping randomly (stuck).
  1954 | D:4      | 1954 ||| Stepping randomly (stuck).
  1955 | D:4      | 1955 ||| Stepping randomly (stuck).
  1956 | D:4      | 1956 ||| Stepping randomly (stuck).
  1957 | D:4      | 1957 ||| Stepping randomly (stuck).
  1958 | D:4      | 1958 ||| Stepping randomly (stuck).
  1959 | D:4      | 1959 ||| Stepping randomly (stuck).
  1960 | D:4      | 1960 ||| Stepping randomly (stuck).
  1961 | D:4      | 1961 ||| Stepping randomly (stuck).
  1962 | D:4      | 1962 ||| Stepping randomly (stuck).
  1963 | D:4      | 1963 ||| Stepping randomly (stuck).
  1964 | D:4      | 1964 ||| Stepping randomly (stuck).
  1965 | D:4      | 1965 ||| Stepping randomly (stuck).
  1966 | D:4      | 1966 ||| Stepping randomly (stuck).
  1967 | D:4      | 1967 ||| Stepping randomly (stuck).
  1968 | D:4      | 1968 ||| Stepping randomly (stuck).
  1969 | D:4      | 1969 ||| Stepping randomly (stuck).
  1970 | D:4      | 1970 ||| Stepping randomly (stuck).
  1971 | D:4      | 1971 ||| Stepping randomly (stuck).
  1972 | D:4      | 1972 ||| Stepping randomly (stuck).
  1973 | D:4      | 1973 ||| Stepping randomly (stuck).
  1974 | D:4      | 1974 ||| Stepping randomly (stuck).
  1975 | D:4      | 1975 ||| Stepping randomly (stuck).
  1976 | D:4      | 1976 ||| Stepping randomly (stuck).
  1977 | D:4      | 1977 ||| Stepping randomly (stuck).
  1978 | D:4      | 1978 ||| Stepping randomly (stuck).
  1979 | D:4      | 1979 ||| Stepping randomly (stuck).
  1980 | D:4      | 1980 ||| Stepping randomly (stuck).
  1981 | D:4      | 1981 ||| Stepping randomly (stuck).
  1982 | D:4      | 1982 ||| Stepping randomly (stuck).
  1983 | D:4      | 1983 ||| Stepping randomly (stuck).
  1984 | D:4      | 1984 ||| Stepping randomly (stuck).
  1985 | D:4      | 1985 ||| Stepping randomly (stuck).
  1986 | D:4      | 1986 ||| Stepping randomly (stuck).
  1987 | D:4      | 1987 ||| Stepping randomly (stuck).
  1988 | D:4      | 1988 ||| Stepping randomly (stuck).
  1989 | D:4      | 1989 ||| Stepping randomly (stuck).
  1990 | D:4      | 1990 ||| Stepping randomly (stuck).
  1991 | D:4      | 1991 ||| Stepping randomly (stuck).
  1992 | D:4      | 1992 ||| Stepping randomly (stuck).
  1993 | D:4      | 1993 ||| Stepping randomly (stuck).
  1994 | D:4      | 1994 ||| Stepping randomly (stuck).
  1995 | D:4      | 1995 ||| Stepping randomly (stuck).
  1996 | D:4      | 1996 ||| Stepping randomly (stuck).
  1997 | D:4      | 1997 ||| Stepping randomly (stuck).
  1998 | D:4      | 1998 ||| Stepping randomly (stuck).
  1999 | D:4      | 1999 ||| Stepping randomly (stuck).
  2000 | D:4      | 2000 ||| Stepping randomly (stuck).
  2001 | D:4      | 2001 ||| Stepping randomly (stuck).
  2002 | D:4      | 2002 ||| Stepping randomly (stuck).
  2003 | D:4      | 2003 ||| Stepping randomly (stuck).
  2004 | D:4      | 2004 ||| Stepping randomly (stuck).
  2005 | D:4      | 2005 ||| Stepping randomly (stuck).
  2006 | D:4      | 2006 ||| Stepping randomly (stuck).
  2007 | D:4      | 2007 ||| Stepping randomly (stuck).
  2008 | D:4      | 2008 ||| Stepping randomly (stuck).
  2009 | D:4      | 2009 ||| Stepping randomly (stuck).
  2010 | D:4      | 2010 ||| Stepping randomly (stuck).
  2011 | D:4      | 2011 ||| Stepping randomly (stuck).
  2012 | D:4      | 2012 ||| Stepping randomly (stuck).
  2013 | D:4      | 2013 ||| Stepping randomly (stuck).
  2014 | D:4      | 2014 ||| Stepping randomly (stuck).
  2015 | D:4      | 2015 ||| Stepping randomly (stuck).
  2016 | D:4      | 2016 ||| Stepping randomly (stuck).
  2017 | D:4      | 2017 ||| Stepping randomly (stuck).
  2018 | D:4      | 2018 ||| Stepping randomly (stuck).
  2019 | D:4      | 2019 ||| Stepping randomly (stuck).
  2020 | D:4      | 2020 ||| Stepping randomly (stuck).
  2021 | D:4      | 2021 ||| Stepping randomly (stuck).
  2022 | D:4      | 2022 ||| Stepping randomly (stuck).
  2023 | D:4      | 2023 ||| Stepping randomly (stuck).
  2024 | D:4      | 2024 ||| Stepping randomly (stuck).
  2025 | D:4      | 2025 ||| Stepping randomly (stuck).
  2026 | D:4      | 2026 ||| Stepping randomly (stuck).
  2027 | D:4      | 2027 ||| Stepping randomly (stuck).
  2028 | D:4      | 2028 ||| Stepping randomly (stuck).
  2029 | D:4      | 2029 ||| Stepping randomly (stuck).
  2030 | D:4      | 2030 ||| Stepping randomly (stuck).
  2031 | D:4      | 2031 ||| Stepping randomly (stuck).
  2032 | D:4      | 2032 ||| Stepping randomly (stuck).
  2033 | D:4      | 2033 ||| Stepping randomly (stuck).
  2034 | D:4      | 2034 ||| Stepping randomly (stuck).
  2035 | D:4      | 2035 ||| Stepping randomly (stuck).
  2036 | D:4      | 2036 ||| Stepping randomly (stuck).
  2037 | D:4      | 2037 ||| Stepping randomly (stuck).
  2038 | D:4      | 2038 ||| Stepping randomly (stuck).
  2039 | D:4      | 2039 ||| Stepping randomly (stuck).
  2040 | D:4      | 2040 ||| Stepping randomly (stuck).
  2041 | D:4      | 2041 ||| Stepping randomly (stuck).
  2042 | D:4      | 2042 ||| Stepping randomly (stuck).
  2043 | D:4      | 2043 ||| Stepping randomly (stuck).
  2044 | D:4      | 2044 ||| Stepping randomly (stuck).
  2045 | D:4      | 2045 ||| Stepping randomly (stuck).
  2046 | D:4      | 2046 ||| Stepping randomly (stuck).
  2047 | D:4      | 2047 ||| Stepping randomly (stuck).
  2048 | D:4      | 2048 ||| Stepping randomly (stuck).
  2049 | D:4      | 2049 ||| Stepping randomly (stuck).
  2050 | D:4      | 2050 ||| Stepping randomly (stuck).
  2051 | D:4      | 2051 ||| Stepping randomly (stuck).
  2052 | D:4      | 2052 ||| Stepping randomly (stuck).
  2053 | D:4      | 2053 ||| Stepping randomly (stuck).
  2054 | D:4      | 2054 ||| Stepping randomly (stuck).
  2055 | D:4      | 2055 ||| Stepping randomly (stuck).
  2056 | D:4      | 2056 ||| Stepping randomly (stuck).
  2057 | D:4      | 2057 ||| Stepping randomly (stuck).
  2058 | D:4      | 2058 ||| Stepping randomly (stuck).
  2059 | D:4      | 2059 ||| Stepping randomly (stuck).
  2060 | D:4      | 2060 ||| Stepping randomly (stuck).
  2061 | D:4      | 2061 ||| Stepping randomly (stuck).
  2062 | D:4      | 2062 ||| Stepping randomly (stuck).
  2063 | D:4      | 2063 ||| Stepping randomly (stuck).
  2064 | D:4      | 2064 ||| Stepping randomly (stuck).
  2065 | D:4      | 2065 ||| Stepping randomly (stuck).
  2066 | D:4      | 2066 ||| Stepping randomly (stuck).
  2067 | D:4      | 2067 ||| Stepping randomly (stuck).
  2068 | D:4      | 2068 ||| Stepping randomly (stuck).
  2069 | D:4      | 2069 ||| Stepping randomly (stuck).
  2070 | D:4      | 2070 ||| Stepping randomly (stuck).
  2071 | D:4      | 2071 ||| Stepping randomly (stuck).
  2072 | D:4      | 2072 ||| Stepping randomly (stuck).
  2073 | D:4      | 2073 ||| Stepping randomly (stuck).
  2074 | D:4      | 2074 ||| Stepping randomly (stuck).
  2075 | D:4      | 2075 ||| Stepping randomly (stuck).
  2076 | D:4      | 2076 ||| Stepping randomly (stuck).
  2077 | D:4      | 2077 ||| Stepping randomly (stuck).
  2078 | D:4      | 2078 ||| Stepping randomly (stuck).
  2079 | D:4      | 2079 ||| Stepping randomly (stuck).
  2080 | D:4      | 2080 ||| Stepping randomly (stuck).
  2081 | D:4      | 2081 ||| Stepping randomly (stuck).
  2082 | D:4      | 2082 ||| Stepping randomly (stuck).
  2083 | D:4      | 2083 ||| Stepping randomly (stuck).
  2084 | D:4      | 2084 ||| Stepping randomly (stuck).
  2085 | D:4      | 2085 ||| Stepping randomly (stuck).
  2086 | D:4      | 2086 ||| Stepping randomly (stuck).
  2087 | D:4      | 2087 ||| Stepping randomly (stuck).
  2088 | D:4      | 2088 ||| Stepping randomly (stuck).
  2089 | D:4      | 2089 ||| Stepping randomly (stuck).
  2090 | D:4      | 2090 ||| Stepping randomly (stuck).
  2091 | D:4      | 2091 ||| Stepping randomly (stuck).
  2092 | D:4      | 2092 ||| Stepping randomly (stuck).
  2093 | D:4      | 2093 ||| Stepping randomly (stuck).
  2094 | D:4      | 2094 ||| Stepping randomly (stuck).
  2095 | D:4      | 2095 ||| Stepping randomly (stuck).
  2096 | D:4      | 2096 ||| Stepping randomly (stuck).
  2097 | D:4      | 2097 ||| Stepping randomly (stuck).
  2098 | D:4      | 2098 ||| Stepping randomly (stuck).
  2099 | D:4      | 2099 ||| Stepping randomly (stuck).
  2100 | D:4      | 2100 ||| Stepping randomly (stuck).
  2101 | D:4      | 2101 ||| Stepping randomly (stuck).
  2102 | D:4      | 2102 ||| Stepping randomly (stuck).
  2103 | D:4      | 2103 ||| Stepping randomly (stuck).
  2104 | D:4      | 2104 ||| Stepping randomly (stuck).
  2105 | D:4      | 2105 ||| Stepping randomly (stuck).
  2106 | D:4      | 2106 ||| Stepping randomly (stuck).
  2107 | D:4      | 2107 ||| Stepping randomly (stuck).
  2108 | D:4      | 2108 ||| Stepping randomly (stuck).
  2109 | D:4      | 2109 ||| Stepping randomly (stuck).
  2110 | D:4      | 2110 ||| Stepping randomly (stuck).
  2111 | D:4      | 2111 ||| Stepping randomly (stuck).
  2112 | D:4      | 2112 ||| Stepping randomly (stuck).
  2113 | D:4      | 2113 ||| Stepping randomly (stuck).
  2114 | D:4      | 2114 ||| Stepping randomly (stuck).
  2115 | D:4      | 2115 ||| Stepping randomly (stuck).
  2116 | D:4      | 2116 ||| Stepping randomly (stuck).
  2117 | D:4      | 2117 ||| Stepping randomly (stuck).
  2118 | D:4      | 2118 ||| Stepping randomly (stuck).
  2119 | D:4      | 2119 ||| Stepping randomly (stuck).
  2120 | D:4      | 2120 ||| Stepping randomly (stuck).
  2121 | D:4      | 2121 ||| Stepping randomly (stuck).
  2122 | D:4      | 2122 ||| Stepping randomly (stuck).
  2123 | D:4      | 2123 ||| Stepping randomly (stuck).
  2124 | D:4      | 2124 ||| Stepping randomly (stuck).
  2125 | D:4      | 2125 ||| Stepping randomly (stuck).
  2126 | D:4      | 2126 ||| Stepping randomly (stuck).
  2127 | D:4      | 2127 ||| Stepping randomly (stuck).
  2128 | D:4      | 2128 ||| Stepping randomly (stuck).
  2129 | D:4      | 2129 ||| Stepping randomly (stuck).
  2130 | D:4      | 2130 ||| Stepping randomly (stuck).
  2131 | D:4      | 2131 ||| Stepping randomly (stuck).
  2132 | D:4      | 2132 ||| Stepping randomly (stuck).
  2133 | D:4      | 2133 ||| Stepping randomly (stuck).
  2134 | D:4      | 2134 ||| Stepping randomly (stuck).
  2135 | D:4      | 2135 ||| Stepping randomly (stuck).
  2136 | D:4      | 2136 ||| Stepping randomly (stuck).
  2137 | D:4      | 2137 ||| Stepping randomly (stuck).
  2138 | D:4      | 2138 ||| Stepping randomly (stuck).
  2139 | D:4      | 2139 ||| Stepping randomly (stuck).
  2140 | D:4      | 2140 ||| Stepping randomly (stuck).
  2141 | D:4      | 2141 ||| Stepping randomly (stuck).
  2142 | D:4      | 2142 ||| Stepping randomly (stuck).
  2143 | D:4      | 2143 ||| Stepping randomly (stuck).
  2144 | D:4      | 2144 ||| Stepping randomly (stuck).
  2145 | D:4      | 2145 ||| Stepping randomly (stuck).
  2146 | D:4      | 2146 ||| Stepping randomly (stuck).
  2147 | D:4      | 2147 ||| Stepping randomly (stuck).
  2148 | D:4      | 2148 ||| Stepping randomly (stuck).
  2149 | D:4      | 2149 ||| Stepping randomly (stuck).
  2150 | D:4      | 2150 ||| Stepping randomly (stuck).
  2151 | D:4      | 2151 ||| Stepping randomly (stuck).
  2152 | D:4      | 2152 ||| Stepping randomly (stuck).
  2153 | D:4      | 2153 ||| Stepping randomly (stuck).
  2154 | D:4      | 2154 ||| Stepping randomly (stuck).
  2155 | D:4      | 2155 ||| Stepping randomly (stuck).
  2156 | D:4      | 2156 ||| Stepping randomly (stuck).
  2223 | D:4      | 2223 ||| Stepping randomly (stuck).
  2224 | D:4      | 2224 ||| Stepping randomly (stuck).
  2225 | D:4      | 2225 ||| Stepping randomly (stuck).
  2226 | D:4      | 2226 ||| Stepping randomly (stuck).
  2227 | D:4      | 2227 ||| Stepping randomly (stuck).
  2228 | D:4      | 2228 ||| Stepping randomly (stuck).
  2229 | D:4      | 2229 ||| Stepping randomly (stuck).
  2230 | D:4      | 2230 ||| Stepping randomly (stuck).
  2231 | D:4      | 2231 ||| Stepping randomly (stuck).
  2232 | D:4      | 2232 ||| Stepping randomly (stuck).
  2233 | D:4      | 2233 ||| Stepping randomly (stuck).
  2234 | D:4      | 2234 ||| Stepping randomly (stuck).
  2235 | D:4      | 2235 ||| Stepping randomly (stuck).
  2236 | D:4      | 2236 ||| Stepping randomly (stuck).
  2237 | D:4      | 2237 ||| Stepping randomly (stuck).
  2238 | D:4      | 2238 ||| Stepping randomly (stuck).
  2239 | D:4      | 2239 ||| Stepping randomly (stuck).
  2240 | D:4      | 2240 ||| Stepping randomly (stuck).
  2241 | D:4      | 2241 ||| Stepping randomly (stuck).
  2242 | D:4      | 2242 ||| Stepping randomly (stuck).
  2243 | D:4      | 2243 ||| Stepping randomly (stuck).
  2244 | D:4      | 2244 ||| Stepping randomly (stuck).
  2245 | D:4      | 2245 ||| Stepping randomly (stuck).
  2246 | D:4      | 2246 ||| Stepping randomly (stuck).
  2247 | D:4      | 2247 ||| Stepping randomly (stuck).
  2248 | D:4      | 2248 ||| Stepping randomly (stuck).
  2249 | D:4      | 2249 ||| Stepping randomly (stuck).
  2250 | D:4      | 2250 ||| Stepping randomly (stuck).
  2251 | D:4      | 2251 ||| Stepping randomly (stuck).
  2252 | D:4      | 2252 ||| Stepping randomly (stuck).
  2253 | D:4      | 2253 ||| Stepping randomly (stuck).
  2254 | D:4      | 2254 ||| Stepping randomly (stuck).
  2255 | D:4      | 2255 ||| Stepping randomly (stuck).
  2256 | D:4      | 2256 ||| Stepping randomly (stuck).
  2257 | D:4      | 2257 ||| Stepping randomly (stuck).
  2258 | D:4      | 2258 ||| Stepping randomly (stuck).
  2259 | D:4      | 2259 ||| Stepping randomly (stuck).
  2260 | D:4      | 2260 ||| Stepping randomly (stuck).
  2261 | D:4      | 2261 ||| Stepping randomly (stuck).
  2262 | D:4      | 2262 ||| Stepping randomly (stuck).
  2263 | D:4      | 2263 ||| Stepping randomly (stuck).
  2264 | D:4      | 2264 ||| Stepping randomly (stuck).
  2265 | D:4      | 2265 ||| Stepping randomly (stuck).
  2266 | D:4      | 2266 ||| Stepping randomly (stuck).
  2267 | D:4      | 2267 ||| Stepping randomly (stuck).
  2268 | D:4      | 2268 ||| Stepping randomly (stuck).
  2269 | D:4      | 2269 ||| Stepping randomly (stuck).
  2270 | D:4      | 2270 ||| Stepping randomly (stuck).
  2271 | D:4      | 2271 ||| Stepping randomly (stuck).
  2272 | D:4      | 2272 ||| Stepping randomly (stuck).
  2273 | D:4      | 2273 ||| Stepping randomly (stuck).
  2274 | D:4      | 2274 ||| Stepping randomly (stuck).
  2275 | D:4      | 2275 ||| Stepping randomly (stuck).
  2276 | D:4      | 2276 ||| Stepping randomly (stuck).
  2277 | D:4      | 2277 ||| Stepping randomly (stuck).
  2278 | D:4      | 2278 ||| Stepping randomly (stuck).
  2279 | D:4      | 2279 ||| Stepping randomly (stuck).
  2280 | D:4      | 2280 ||| Stepping randomly (stuck).
  2281 | D:4      | 2281 ||| Stepping randomly (stuck).
  2282 | D:4      | 2282 ||| Stepping randomly (stuck).
  2283 | D:4      | 2283 ||| Stepping randomly (stuck).
  2284 | D:4      | 2284 ||| Stepping randomly (stuck).
  2285 | D:4      | 2285 ||| Stepping randomly (stuck).
  2286 | D:4      | 2286 ||| Stepping randomly (stuck).
  2287 | D:4      | 2287 ||| Stepping randomly (stuck).
  2288 | D:4      | 2288 ||| Stepping randomly (stuck).
  2289 | D:4      | 2289 ||| Stepping randomly (stuck).
  2290 | D:4      | 2290 ||| Stepping randomly (stuck).
  2291 | D:4      | 2291 ||| Stepping randomly (stuck).
  2292 | D:4      | 2292 ||| Stepping randomly (stuck).
  2293 | D:4      | 2293 ||| Stepping randomly (stuck).
  2294 | D:4      | 2294 ||| Stepping randomly (stuck).
  2295 | D:4      | 2295 ||| Stepping randomly (stuck).
  2296 | D:4      | 2296 ||| Stepping randomly (stuck).
  2297 | D:4      | 2297 ||| Stepping randomly (stuck).
  2298 | D:4      | 2298 ||| Stepping randomly (stuck).
  2299 | D:4      | 2299 ||| Stepping randomly (stuck).
  2300 | D:4      | 2300 ||| Stepping randomly (stuck).
  2301 | D:4      | 2301 ||| Stepping randomly (stuck).
  2302 | D:4      | 2302 ||| Stepping randomly (stuck).
  2303 | D:4      | 2303 ||| Stepping randomly (stuck).
  2304 | D:4      | 2304 ||| Stepping randomly (stuck).
  2305 | D:4      | 2305 ||| Stepping randomly (stuck).
  2306 | D:4      | 2306 ||| Stepping randomly (stuck).
  2307 | D:4      | 2307 ||| Stepping randomly (stuck).
  2308 | D:4      | 2308 ||| Stepping randomly (stuck).
  2309 | D:4      | 2309 ||| PLANNING D:1-11
  2372 | D:4      | Reached XP level 5. HP: 32/32 MP: 5/5
  2420 | D:4      | 2420 ||| READING 2 scrolls labelled JOITESK JALI.
  2421 | D:4      | 2421 ||| DROPPING scroll of blinking.
  2443 | D:4      | Found a glowing golden altar of the Shining One.
  2571 | D:3      | Reached skill level 6 in Ranged Weapons
  2674 | D:3      | 2674 ||| UPGRADING to +0 pair of gloves.
  2811 | D:4      | Reached skill level 1 in Armour
  2854 | D:4      | Reached XP level 6. HP: 26/38 MP: 6/6
  3003 | D:4      | HP: 9/38 [ogre/+0 giant club (26)]
  3004 | D:4      | 3004 ||| READING scroll of teleportation.
  3007 | D:4      | Reached skill level 7 in Ranged Weapons
  3007 | D:4      | Reached XP level 7. HP: 11/43 MP: 7/7
  3170 | D:4      | HP: 8/43 [gnoll/+0 spear[a gnoll bouda] (4)]
  3171 | D:4      | HP: 3/43 [hobgoblin (3)]
  3175 | D:4      | Slain by a gnoll

Levels and vault maps discovered:
D:1:      grunt_arrival_lava_bath, layout_basic, nicolae_the_louvre
D:2:      layout_rooms, shapermc_ecumenical_altar_notcrosses
D:3:      layout_rooms, hangedman_decor_points, minmay_misc_feat_secret_circle,
          minmay_misc_feat_doors, minmay_crystal_room
D:4:      minmay_chambers_of_twos, layout_basic, tso_oasis_becter

Skill      XL: |  1  2  3  4  5  6  7 |
---------------+----------------------+-----
Ranged Weapons | 5 6 7 |  7.2
Fighting       | 3 4 |  4.1
Armour         | 1 |  1.8
Dodging        | 2 |  2.0
Stealth        | |  1.1

Action                     |  1- 3 |  4- 6 |  7- 9 || total
---------------------------+-------+-------+-------++-------
   Fire: Shortbow          |   107 |   180 |    20 ||   307
    Use: Scroll            |     1 |     5 |       ||     6
         Potion            |       |     1 |       ||     1
 Armour: Leather armour    |    51 |    39 |     5 ||    95
  Dodge: Dodged            |    60 |    73 |    25 ||   158

Table legend:
 A = Non-vault XP
 B = Vault XP
 C = Vault XP percentage of total XP
 D = Non-vault monster count
 E = Vault monster count
 F = Vault count percentage of total count
                 A         B        C        D         E       F
            +---------+---------+-------+---------+---------+-------
      Total |     307 |     409 |  57.1 |      68 |       8 |  10.5
            +---------+---------+-------+---------+---------+-------
        D:1 |      14 |       0 |   0.0 |      10 |       0 |   0.0
        D:2 |      77 |       0 |   0.0 |      25 |       0 |   0.0
        D:3 |      39 |       0 |   0.0 |      13 |       0 |   0.0
        D:4 |     177 |     409 |  69.8 |      20 |       8 |  28.6
            +---------+---------+-------+---------+---------+-------
